Map: Odyssee LE

Players

opisska

  • Race: Zerg Zerg
  • Spawn Location: 11:00

Panda - Winner!

  • Race: Zerg Zerg
  • League: Diamond
  • Spawn Location: 5:00

VOD

Have the link to the VOD?

Description

Time

  • Played on: Sept. 7, 2017, 9:08 a.m.
  • Length: 2:57
Show
View Real Time Build Order
Export as new Build Order

opisska Zerg 

Build Orders: Hatch First 

Get SALT Encoding   

  12  0:02  Drone  
  13  0:13  Overlord  
  13  0:20  Drone  
  14  0:32  Drone x2  
  16  0:40  Drone  
  17  0:56  Hatchery  
  16  0:59  Drone  
  17  1:06  Extractor  
  16  1:15  Spawning Pool  
  15  1:19  Drone  
  15  1:23  Drone  
  17  1:31  Drone  
  17  1:32  Drone  
  19  1:44  Overlord  
  19  2:03  Spine Crawler, Queen  
  19  2:05  Zergling x2  
  19  2:08  Zergling x2  
  22  2:12  Zergling x2  
  23  2:22  Zergling x4  
  24  2:35  Zergling x4  
Show
View Real Time Build Order
Export as new Build Order

Panda Zerg - Winner!

Build Orders: Pool Only 

Get SALT Encoding   

  12  0:01  Drone  
  13  0:15  Extractor  
  12  0:24  Spawning Pool  
  11  0:28  Drone  
  11  0:33  Drone  
  13  0:44  Overlord  
  13  0:49  Drone  
  14  1:11  Zergling x4  
  16  1:16  Metabolic Boost  
  16  1:20  Zergling x2  
  17  1:28  Queen  
  19  1:35  Zergling x2  
  20  1:42  Baneling Nest  
  19  1:48  Zergling x2  
  20  2:01  Zergling x2  
  21  2:12  Zergling x2  
Tags
 
League
Diamond
Matchup
ZvZ
Race
Zerg
Replay Pack
replays1
Spawn Locations
Cross Positions
Add a new tag
Caveats
  • Supply blocks, unpowered buildings, or Contaminate may cause inaccurate times.
  • Supply counts are checked every 10 seconds.